 Dungeon Crawl Stone Soup version 0.17-a0-1632-g0af21bd (webtiles) character file.

193 Kidiri the Covered (level 5, -1/33 HPs)
             Began as a Gargoyle Fighter on Aug 3, 2015.
             Slain by Tobbichi's ghost (5 damage)
             ... on level 3 of the Dungeon.
             The game lasted 00:11:56 (2514 turns).

Kidiri the Covered (Gargoyle Fighter)               Turns: 2514, Time: 00:11:57

Health: -1/33      AC: 13    Str: 21    XL:     5   Next: 72%
Magic:  5/5        EV:  7    Int:  8    God:
Gold:   137        SH:  9    Dex:  9    Spells: 0 memorised, 4 levels left

rFire  + . .     SeeInvis .     a - +2 flail
rCold  + . .     Clarity  .     b - +0 scale mail
rNeg   + . .     SustAt   .     c - +0 shield
rPois  ∞         Gourm    .     (no helmet)
rElec  +         Spirit   .     (no cloak)
rCorr  +         Warding  .     (no gloves)
rMut   .         Stasis   .     k - +1 pair of boots
MR     .....                    (no amulet)
Stlth  ..........               (no ring)
                                (no ring)

@: resistant, not resistant to hostile enchantments, extremely unstealthy
A: negative energy resistance 1, electricity resistance, unbreathing,
petrification resistance, rot immunity, AC +4
a: no special abilities


You were on level 3 of the Dungeon.
You were hungry.

You visited 1 branch of the dungeon, and saw 3 of its levels.

You collected 137 gold pieces.

Inventory:

Hand weapons
 a - a +2 flail (weapon)
Armour
 b - a +0 scale mail (worn)
 c - a +0 shield (worn)
 k - a +1 pair of boots (worn)
Scrolls
 f - 2 scrolls of fear
 g - a scroll of blinking
 i - 3 scrolls of remove curse
Potions
 d - a potion of might
Comestibles
 e - 7 bread rations
 h - 2 meat rations
 j - a beef jerky
 l - 2 chunks of flesh


   Skills:
 + Level 3.8 Fighting
 * Level 3.3 Maces & Flails
 * Level 4.8 Armour
 * Level 4.4 Shields


You had 4 spell levels left.
You didn't know any spells.

Dungeon Overview and Level Annotations

Branches:
Dungeon (3/15)

Altars:
Xom

Annotations:
D:3 Tobbichi's ghost, average MiFi


Innate Abilities, Weirdness & Mutations

You are resistant to torment.
Your stone body is resilient (AC +4).
You are immune to poison.
You resist negative energy.
You are resistant to electric shocks.
You can survive without breathing.
You are immune to petrification.
You are immune to rotting.


Message History

An adder and a gnoll come into view.
The gnoll shouts!
You hit Tobbichi's ghost.
Tobbichi's ghost is moderately damaged.
Tobbichi's ghost hits you.
A gnoll comes into view. It is wielding a club.
The gnoll shouts!
You block Tobbichi's ghost's attack.
A gnoll comes into view. It is wielding a flail.
You see here a rat skeleton.
A giant newt comes into view.
You see here a ring mail.
You are feeling hungry.
Tobbichi's ghost hits you!
* * * LOW HITPOINT WARNING * * *
Drink which item? (? for menu, Esc to quit)
It was a potion of resistance.
You feel protected. Tobbichi's ghost hits you.
You die...

#.###'.....# ###
####.#........# #.. ###
#####....#......########..
#..
................)((...('..
#.#
####..<........####.###..
#.##########.#......# #.#
### #....#.......#..[...#
#.# #..#.#.###############
#.# #>..÷.lg[SgoW@.......#
#.#
###..#.#.#############.#
#.# #.S..#÷..# #.# #.#
#.##..g..# #.###.#
#........### #..##.#
.g...l##....# ##.##.#
.#.#####..#.# #.÷#.# .#
...#.# ##.#.# .##.. #
#...#


You could see Tobbichi's ghost, 2 gnolls, an adder, an orc and a giant newt.

Vanquished Creatures
  Natasha (twice) (D:3)
  5 gnolls (D:2)
  4 adders
  2 worms (D:2)
  3 giant geckos
  5 giant cockroaches
  4 goblins
  9 hobgoblins
  2 jackals (D:2)
  3 quokkas (D:2)
  3 ball pythons
  13 bats
  A giant newt (D:3)
  8 kobolds
  5 rats
69 creatures vanquished.

Vanquished Creatures (others)
  A rat (D:3)
1 creature vanquished.

Grand Total: 70 creatures vanquished

Notes
Turn   | Place    | Note
--------------------------------------------------------------
     0 | D:1      | Kidiri the Gargoyle Fighter began the quest for the Orb.
     0 | D:1      | Reached XP level 1. HP: 14/14 MP: 1/1
   417 | D:1      | Reached XP level 2. HP: 19/19 MP: 2/2
  1042 | D:2      | Reached XP level 3. HP: 23/23 MP: 3/3
  1122 | D:2      | Reached skill level 4 in Armour
  1325 | D:2      | Reached XP level 4. HP: 28/28 MP: 4/4
  1630 | D:2      | Reached XP level 5. HP: 30/33 MP: 5/5
  1634 | D:2      | Found a shimmering altar of Xom.
  2075 | D:3      | Noticed Natasha
  2084 | D:3      | Killed Natasha
  2418 | D:3      | Noticed Natasha
  2426 | D:3      | Killed Natasha
  2495 | D:3      | Noticed Tobbichi's ghost (average MiFi)
  2514 | D:3      | Slain by Tobbichi's ghost

Vault maps used:
D:1:      dpeg_arrival_tiny_d
D:2:      kennysheep_big_flooded_room, first_bread, tgw_xom
D:3:      grunt_temple_overflow_cloverleaf, uniq_natasha, uniq_grinder

Action                   |  1- 3 |  4- 6 || total
-------------------------+-------+-------++-------
Melee: Flail             |   123 |    95 ||   218
  Use: Scroll            |     6 |     2 ||     8
       Potion            |     1 |     1 ||     2
  Eat: Chunk             |     1 |     5 ||     6
